groovejumper, neutral female human Wizard --------- ---------- ---------------- |.)%!??[| |........| |...............# ---------- #(-.@!%)%%| |.<).....| |..............|# #.........| # |a!(*".[| |........-# #...............|# ###|........| ### |@!%((.!| -+--------# 0-+--------+-----# # #.........| # |.(?[.!)| # ## # #####|........|### |.)(=*()| # # # # # -------*--# --------- # ### ######%##0 %### # ### # #------# #### ## ##################|....|# # # #---.--.---- #|%...|# --.--# #|.........| #-....|# |...|# #|.........| |....|# |...-# -----+ #|.........| ------ |...| |.>.... ##..........| |...| | #|.........| ----- |.........| ----------- groovejumper the Thaumaturge Experience level: 6 Strength: 9 Dexterity: 12 Constitution: 13 Intelligence: 18 Wisdom: 12 Charisma: 8 Health: 0(44) Energy: 49(57) AC: 6 Gold: 179 Moves: 2922 Your Inventory: Coins $ - 179 gold pieces Weapons C - a blessed rustproof [+0] athame named Magicbane [Magicbane] (weapon in hand) Armor g - an [uncursed] +0 studded leather armor (being worn) U - an uncursed +0 cloak of magic resistance (being worn) W - an [uncursed +0] pair of buckled boots [water walking] Comestibles d - 2 [uncursed] food rations e - 2 [uncursed] avacados h - 2 [uncursed] food rations Rings Z - a [cursed -5] brass ring [of gain wisdom] Wands a - an [uncursed] walnut wand [of slow monster (0:7)] c - an uncursed wand of sleep (0:8) r - an uncursed bronze wand [of striking (0:8)] V - an [uncursed] grooved wand [of fire (0:5)] Tools b - an [uncursed] bag [sack] B - an uncursed blindfold Y - an [uncursed] credit card Contents of the sack: 682 gold pieces 8 blessed [+1] arrows [of frost] a blessed +1 quarterstaff an [uncursed] scroll labeled VENZAR BORGAVVE [of enchant armor] an uncursed scroll of confuse monster an uncursed scroll of create monster an uncursed scroll of magic mapping a blessed spellbook of force bolt an uncursed spellbook of stone to flesh a cursed milky potion [of paralysis] 2 uncursed potions of gain ability 2 potions of holy water an uncursed +1 ring of gain strength an uncursed +1 ring of increase damage an uncursed magic marker (0:69) Spells known in the end: Name Level Category Fail Memory a - force bolt 1 attack 0% [|||||||.] b - stone to flesh 3 healing 77% [|||||||.] Your skills at the end: Fighting Skills Weapon Skills quarterstaff [Basic / Expert] Spellcasting Skills attack spells [Basic / Expert] enchantment spells [Basic / Skilled] Final Attributes: You were piously aligned. Hunger level was 513. Your alignment was 24 / 24. Monster difficulty range was 1 - 6. Level difficulty was 6. You were magic-protected. You were telepathic. Your luck was zero. You are dead. Vanquished creatures: a quivering blob a leprechaun a snake a fog cloud a yellow light a violet fungus a little dog 3 floating eyes a kitten a dwarf a homunculus a giant bat 3 iguanas 2 coyotes 3 hobbits 2 giant rats 2 cave spiders a red mold a gecko 5 jackals a goblin a sewer rat 6 grid bugs a bat a lichen 2 kobold zombies 2 newts 47 creatures vanquished. Voluntary challenges: You used a wielded weapon 25 times. You read items or engraved 2 times. You put on armor 3 times. You never genocided any monsters. You never polymorphed an object. You never changed form. You used no wishes. You wrote Elbereth's name 1 time. You never encountered a bones level. You never used any Sokoban shortcuts. Dungeon overview: The Dungeons of Doom: levels 1 to 6 Level 1 a long staircase Level 2 a general store, an altar to Thoth Level 3 a long staircase Level 4 a fountain Level 6 <- You were here a general store History has recorded: On T:1 you entered the Dungeons of Doom to retrieve the Amulet of Yendor! On T:277 you reached level 2 of The Dungeons of Doom. On T:429 you advanced to experience level 2. On T:525 you advanced to experience level 3. On T:981 you received Magicbane from Thoth. On T:1156 you advanced to experience level 4. On T:1237 you reached level 3 of The Dungeons of Doom. On T:1571 you advanced to experience level 5. On T:1603 you reached level 4 of The Dungeons of Doom. On T:2010 you reached level 5 of The Dungeons of Doom. On T:2015 you advanced to experience level 6. On T:2248 you reached level 6 of The Dungeons of Doom. Latest messages: The spell hits the kobold zombie! You destroy the kobold zombie! [2 turns] You do not owe Ouiatchouane anything. The soldier ant bites! The soldier ant stings! [HP-15=27] [HP+1=28] [2 turns] You hear the footsteps of a guard on patrol. [2 turns] [HP+1=29] [2 turns] The soldier ant misses. The soldier ant stings! [HP-10=19] The soldier ant misses. (2x) You hear someone counting money. The soldier ant bites! The soldier ant stings! The soldier ant bites! You die... Ouiatchouane gratefully inherits all your possessions. Final status: Goodbye groovejumper the Wizard... You died in The Dungeons of Doom on dungeon level 6 with 2931 points, and 861 pieces of gold, after 2922 moves. You were level 6 with a maximum of 44 hit points when you died.